AoeStats
← Der Sprudel

Arabian Desert

508635755Analyzed
1v1 RM · 9d ago on Sep 23, 2026· 34m 7s· 2 players
Game mode
Random Map
Map size
Tiny (2 player)
Population
200
Speed
Normal
Resources
Standard
Victory
Conquest
Starting age
Dark Age
Ending age
Imperial Age
RankedLock teamsTeams togetherTeam positionsShared explorationLock speedFull tech treeHidden civsTurbo modeCheats
Victory
Defeat
🇦🇷 Bulgarians · Argentina
1247
+16
🇩🇪 Varangians · Germany
1238
-16
Der Sprudel
5:19 Loom
9:34 Feudal Age
9:46 Man-at-Arms
10:47 Double-Bit Axe
12:20 Arson
13:06 Horse Collar
16:12 Fletching
21:44 Wheelbarrow
24:58 Scale Mail Armor
28:48 Castle Age
28:27 Forging
29:57 Chain Mail Armor
30:19 Bow Saw
34:00 Iron Casting
Rotterdam
7:41 Loom
9:59 Feudal Age
11:43 Forging
14:53 Scale Mail Armor
14:55 Arson
18:27 Scale Barding Armor
21:14 Bloodlines
28:42 Castle Age
27:17 Gold Mining
27:11 Horse Collar
27:44 Double-Bit Axe
29:10 Fletching
31:34 Iron Casting
Connection lost

Rejoining the realm…

Still unreachable

The connection could not be restored.

Session expired

The server has moved on; the page needs a fresh start.